 Dungeon Crawl Stone Soup version 0.30.0-29-ga12c61a403 (webtiles) character file.

Game seed: 4464547769441104311

642231 SharpKris the Bringer of Light (level 27, -4/201 HPs)
             Began as a Gnoll Fighter on June 18, 2023.
             Was the Champion of the Shining One.
             Killed from afar by Qealoh's ghost (11 damage)
             ... with a blast of rock fragments
             ... on level 1 of the Depths.
             The game lasted 05:31:39 (88380 turns).

SharpKris the Bringer of Light (Gnoll Fighter)     Turns: 88380, Time: 05:31:39

Health: -4/201     AC: 35    Str: 24    XL:     27
Magic:  39/46      EV: 27    Int: 15    God:    the Shining One [******]
Gold:   5752       SH: 42    Dex: 27    Spells: 3/64 levels left

rFire   + + .        t - +10 zealot's sword {holy, Zealotry, *Rage rN+ EV+3}
rCold   + . .        l - +5 kite shield {rC+}
rNeg    + + +        h - +3 shadow dragon scales "Axzo Pyi" {Fly Regen+ Stlth++++}
rPois   +            S - +2 helmet {Int+3}
rElec   +            R - +2 cloak {Will+}
rCorr   .            a - +1 pair of gloves of the Alphagorgon {Harm Regen+ Int+3 Dex+4}
SInv    .            T - +2 pair of boots
Will    ++++.        W - amulet "Nifab" {Reflect Harm Dex+4 SH+5 Stlth+}
Stlth   +++++        L - ring of Fisopsam {rElec rF+ Will+ Str+3 Slay+3}
HPRegen 2.13/turn    N - ring "Byhyit" {rPois rF+ Int+2 Dex+6}
MPRegen 0.30/turn

%: random rage (20%), harm (+45% outgoing, +30% incoming), reflection
@: divinely shielded, on berserk cooldown, flying, slowed, glowing, studying 4
skills, unable to drink, very slow
A: fangs 1, strong nose, distributed training, iridescent scales 1, thin
skeletal structure 1, clumsy 1, deformed body, dopey 2, frail 1, weak 2, subdued
magic 1, inability to drink after injury 2, devolution 1
}: 4/15 runes: decaying, serpentine, slimy, silver
a: Renounce Religion, Divine Shield, Cleansing Flame, Summon Divine Warrior,
Brand Weapon With Holy Wrath


You were on level 1 of the Depths.
You worshipped the Shining One.
The Shining One was exalted by your worship.
You visited 12 branches of the dungeon, and saw 52 of its levels.
You also visited: Trove, Bailey, Gauntlet, Wizlab and Desolation.

You collected 12217 gold pieces.
You spent 6465 gold pieces at shops.

Inventory:

Hand Weapons
 d - a +5 broad axe of electrocution
 g - the +8 longbow "Zephyr" {speed, Dex+3 SInv}
   (You found it on level 3 of the Elven Halls)

   Dex:       It affects your dexterity (+3).
   SInv:      It lets you see invisible.
 t - the +10 zealot's sword (weapon) {holy, Zealotry, *Rage rN+ EV+3}
   (You found it on level 5 of the Vaults)

   Zealotry:  Whenever the wielder enters a berserk rage, their allies are
   berserked alongside them.
   EV:        It affects your evasion (+3).
   rN:        It protects you from negative energy.
   *Rage:     It berserks you when you make melee attacks (+20% chance).
 v - the +27 heavy crossbow "Sniper" {heavy, Acc+∞ SInv}
   (You found it on level 5 of the Vaults)

   Acc+∞: It never misses its target.
   SInv:      It lets you see invisible.
 J - the +9 mace "Poeron" {venom, Str+2 SInv}
   (You found it in the Desolation of Salt)

   Str:       It affects your strength (+2).
   SInv:      It lets you see invisible.
 Y - a +9 eveningstar of flaming
Missiles
 M - 79 poisoned darts (quivered)
Armour
 a - the +1 pair of gloves of the Alphagorgon (worn) {Harm Regen+ Int+3 Dex+4}
   (You found it on level 5 of the Vaults)

   Int:       It affects your intelligence (+3).
   Dex:       It affects your dexterity (+4).
   Regen:     It increases your rate of health regeneration.
   Harm:      It increases damage dealt and taken.
 c - a +2 cloak of preservation
 h - the +3 shadow dragon scales "Axzo Pyi" (worn) {Fly Regen+ Stlth++++}
   (You took it off a deep elf blademaster on level 4 of the Depths)

   Fly:       It grants you flight.
   Regen:     It increases your rate of health regeneration.
   Stlth:     It makes you much more stealthy.
 l - a +5 kite shield of cold resistance (worn)
 R - a +2 cloak of willpower (worn)
 S - a +2 helmet of intelligence (worn)
 T - a +2 pair of boots (worn)
Jewellery
 L - the ring of Fisopsam (left hand) {rElec rF+ Will+ Str+3 Slay+3}
   (You found it in the Desolation of Salt)

   [ring of willpower]

   Str:       It affects your strength (+3).
   Slay:      It affects your accuracy & damage with ranged weapons and melee
   (+3).
   rF:        It protects you from fire.
   rElec:     It insulates you from electricity.
   Will:      It increases your willpower.
 N - the ring "Byhyit" (right hand) {rPois rF+ Int+2 Dex+6}
   (You found it on level 13 of the Dungeon)

   [ring of dexterity]

   Int:       It affects your intelligence (+2).
   Dex:       It affects your dexterity (+6).
   rF:        It protects you from fire.
   rPois:     It protects you from poison.
 W - the amulet "Nifab" (around neck) {Reflect Harm Dex+4 SH+5 Stlth+}
   (You found it on level 12 of the Dungeon)

   [amulet of reflection]

   It reflects blocked missile attacks.
   Dex:       It affects your dexterity (+4).
   SH:        It affects your SH (+5).
   Harm:      It increases damage dealt and taken.
   Stlth:     It makes you more stealthy.
Wands
 q - a wand of light (40)
 z - a wand of digging (25)
 E - a wand of paralysis (57)
 F - a wand of polymorph (65)
 H - a wand of mindburst (48)
 K - a wand of iceblast (43)
 U - a wand of flame (175)
Scrolls
 e - 7 scrolls of silence
 s - 4 scrolls of poison
 w - 11 scrolls of teleportation
 y - 12 scrolls of fear
 D - 11 scrolls of magic mapping
 Q - 4 scrolls of butterflies
 X - 8 scrolls of fog
Potions
 b - 16 potions of might
 i - 3 potions of magic
 k - 2 potions of resistance
 m - 18 potions of flight
 n - 16 potions of curing
 o - 7 potions of cancellation
 u - 9 potions of brilliance
 x - 6 potions of ambrosia
 A - 12 potions of haste
 B - 9 potions of heal wounds
 I - 2 potions of berserk rage
Miscellaneous
 f - the horn of Geryon
 G - a box of beasts


   Skills:
 + Level 20.1 Fighting
 + Level 19.2 Short Blades
 + Level 19.2 Long Blades
 + Level 19.8 Axes
 + Level 19.2 Maces & Flails
 + Level 19.2 Polearms
 + Level 19.4 Staves
 + Level 19.3 Ranged Weapons
 + Level 19.2 Throwing
 + Level 20.1 Armour
 + Level 19.2 Dodging
 + Level 19.2 Stealth
 + Level 20.1 Shields
 + Level 19.2 Unarmed Combat
 + Level 19.2 Spellcasting
 + Level 16.3 Conjurations
 + Level 16.3 Hexes
 + Level 18.6 Summonings
 + Level 16.3 Necromancy
 + Level 16.3 Translocations
 + Level 16.3 Transmutations
 + Level 16.3 Fire Magic
 + Level 16.3 Ice Magic
 + Level 16.3 Air Magic
 + Level 16.3 Earth Magic
 + Level 16.3 Poison Magic
 + Level 20.7 Invocations
 + Level 19.2 Evocations


You had 3 spell levels left.
You knew the following spells:

 Your Spells              Type           Power      Damage    Failure   Level
a - Mephitic Cloud        Conj/Pois/Air  48%        N/A       1%          3
b - Poisonous Vapours     Pois/Air       96%        N/A       0%          2
c - Blink                 Tloc           96%        N/A       0%          2
d - Olgreb's Toxic Radia  Pois           48%        N/A       1%          4
e - Ignite Poison         Fire/Tmut/Pois 48%        N/A       1%          3
f - Lee's Rapid Deconstr  Erth           24%        3d13*     1%          5
g - Yara's Violent Unrav  Hex/Tmut       24%        3d11      1%          5
h - Silence               Hex/Air        24%        N/A       1%          5
i - Tukima's Dance        Hex            48%        N/A       1%          3
j - Manifold Assault      Tloc           48%        N/A       1%          4
k - Arcjolt               Conj/Air       24%        1d34      1%          5
l - Swiftness             Air            48%        N/A       1%          3
m - Wereblood             Tmut           48%        N/A       0%          2
n - Animate Armour        Summ/Erth      100%       N/A       1%          4
o - Passage of Golubria   Tloc           48%        N/A       1%          4
p - Spellforged Servitor  Conj/Summ      25%        N/A       8%          7

Your spell library contained the following spells:

 Spells                   Type           Power      Damage    Failure   Level
 Apportation              Tloc           96%        N/A       0%          1
 Beastly Appendage        Tmut           96%        N/A       0%          1
 Foxfire                  Conj/Fire      100%       2x1d9     0%          1
 Freeze                   Ice            100%       1d10      0%          1
 Kiss of Death            Conj/Necr      100%       2d13      0%          1
 Necrotise                Necr           100%       1d9       0%          1
 Shock                    Conj/Air       100%       1d9       0%          1
 Slow                     Hex            100%       N/A       0%          1
 Sting                    Tmut/Pois      100%       1d8       0%          1
 Summon Small Mammal      Summ           100%       N/A       0%          1
 Cigotuvi's Dreadful Rot  Necr/Pois/Air  96%        N/A       0%          2
 Ensorcelled Hibernation  Hex/Ice        96%        N/A       0%          2
 Lesser Beckoning         Tloc           96%        N/A       0%          2
 Momentum Strike          Conj/Tloc      96%        3d10      0%          2
 Static Discharge         Conj/Air       96%        2-6/arc   0%          2
 Sublimation of Blood     Necr           48%        N/A       0%          2
 Call Canine Familiar     Summ           52%        N/A       0%          3
 Confusing Touch          Hex            48%        N/A       1%          3
 Dazzling Flash           Conj/Hex       96%        N/A       1%          3
 Frozen Ramparts          Ice            96%        1d15      1%          3
 Gell's Gravitas          Tloc           48%        N/A       1%          3
 Hailstorm                Conj/Ice       48%        3d11      1%          3
 Inner Flame              Hex/Fire       48%        N/A       1%          3
 Ozocubu's Armour         Ice            48%        N/A       1%          3
 Portal Projectile        Hex/Tloc       96%        N/A       1%          3
 Spider Form              Tmut/Pois      48%        N/A       1%          3
 Stone Arrow              Conj/Erth      96%        3d13      1%          3
 Summon Guardian Golem    Hex/Summ       51%        N/A       1%          3
 Teleport Other           Tloc           48%        N/A       1%          3
 Vampiric Draining        Necr           48%        2d9       1%          3
 Vhi's Electric Charge    Tloc/Air       96%        N/A       1%          3
 Volatile Blastmotes      Fire/Tloc      96%        2d18      1%          3
 Airstrike                Air            24%        2d(4-20)  1%          4
 Anguish                  Hex/Necr       24%        N/A       1%          4
 Dispel Undead            Necr           48%        3d18      1%          4
 Flame Wave               Conj/Fire      48%        2d12      1%          4
 Ice Form                 Ice/Tmut       48%        N/A       1%          4
 Iskenderun's Mystic Bla  Conj/Tloc      48%        2d11      1%          4
 Leda's Liquefaction      Hex/Erth       24%        N/A       1%          4
 Petrify                  Tmut/Erth      48%        N/A       1%          4
 Sticky Flame             Conj/Fire      48%        2d7       1%          4
 Summon Ice Beast         Ice/Summ       51%        N/A       1%          4
 Summon Lightning Spire   Summ/Air       51%        N/A       1%          4
 Agony                    Necr           48%        N/A       1%          5
 Blade Hands              Tmut           24%        N/A       1%          5
 Fireball                 Conj/Fire      24%        3d11      1%          5
 Freezing Cloud           Conj/Ice/Air   24%        6-21      1%          5
 Irradiate                Conj/Tmut      24%        3d19      1%          5
 Iskenderun's Battlesphe  Conj           48%        2d10      1%          5
 Metabolic Englaciation   Hex/Ice        24%        N/A       1%          5
 Summon Forest            Summ/Tloc      25%        N/A       1%          5
 Summon Mana Viper        Hex/Summ       51%        N/A       1%          5
 Conjure Ball Lightning   Conj/Air       24%        3x3d7     1%          6
 Iron Shot                Conj/Erth      24%        9d5       1%          6
 Plasma Beam              Fire/Air       24%        2x1d39    1%          6
 Simulacrum               Ice/Necr       24%        N/A       1%          6
 Starburst                Conj/Fire      24%        6d8       1%          6
 Statue Form              Tmut/Erth      32%        N/A       1%          6
 Summon Cactus Giant      Summ           26%        N/A       1%          6
 Dragon Form              Tmut           24%        N/A       13%         7
 Ozocubu's Refrigeration  Ice            24%        4d12      13%         7
 Storm Form               Tmut/Air       24%        N/A       13%         7
 Summon Horrible Things   Summ           26%        N/A       38%         8
 Discord                  Hex            24%        N/A       73%         8
 Disjunction              Tloc           24%        N/A       73%         8
 Ignition                 Fire           24%        3d8       73%         8
 Lehudib's Crystal Spear  Conj/Erth      24%        10d7      73%         8
 Chain Lightning          Conj/Air       24%        3d32      100%        9
 Dragon's Call            Summ           26%        N/A       100%        9
 Fire Storm               Conj/Fire      24%        8d6       100%        9
 Polar Vortex             Ice            24%        N/A       100%        9
 Shatter                  Erth           24%        3d21*     100%        9


Dungeon Overview and Level Annotations

Branches:
Dungeon (15/15)            Temple (1/1) D:7            Lair (5/5) D:8
  Swamp (4/4) Lair:3        Snake (4/4) Lair:3        Slime (5/5) Lair:5
    Orc (2/2) D:9             Elf (3/3) Orc:2        Vaults (5/5) D:14
  Crypt (3/3) Vaults:2       Tomb (0/3) Crypt:3      Depths (4/4) D:15
   Hell (visited)             Dis (0/7) Hell            Geh (0/7) Hell
    Coc (0/7) Hell            Tar (0/7) Hell            Zot (0/5) Depths:4
 Bailey (visited)          WizLab (visited)         Desolation (visited)
Gauntlet (visited)

Altars:
Ashenzari
Cheibriados
Dithmenos
Elyvilon
Fedhas
Gozag
Hepliaklqana
Kikubaaqudgha
Makhleb
Nemelex Xobeh
Okawaru
Qazlal
Ru
Sif Muna
Trog
Uskayaw
Vehumet
Wu Jian
Xom
Yredelemnul
Zin
The Shining One
Jiyva

Shops:
D:1 (   D:2 *   D:4 :[?!:   D:15 [*:[!   Orc:1 (*(   Orc:2 *?=**   Elf:1 :*
Elf:2 =![*(   Elf:3 ?   Snake:1 :=:   Snake:3 ?   Snake:4 :*??   Vaults:5 =

Portals:
Hell: Depths:1 Depths:2 Depths:3 Depths:4
Abyss: Depths:3
Pandemonium: Depths:2
Ziggurat: Depths:2

Annotations:
Crypt:2 2 transporters, exclusion: obsidian statue, Nyubb's ghost, veteran MiGl; Roocroe's ghost, veteran MiGl
Depths:1 1 transporter, Qealoh's ghost, adept MeMo


Innate Abilities, Weirdness & Mutations

You have very sharp teeth.
Your uncanny sense of smell can sniff out nearby items.
Your experience applies equally to all skills.
You are partially covered in iridescent scales. (AC +2)
You have a somewhat thin skeletal structure. (Dex +2, Stealth+)
You are clumsy. (Dex -2)
Armour fits poorly on your strangely shaped body.
You are very dopey. (Int -4)
You are frail. (-10% HP)
You are very weak. (Str -4)
Your spells are a little easier to cast, but a little less powerful.
You sometimes lose the ability to drink potions when taking damage.
You have hidden genetic defects.


Message History

The blast of rock fragments hits your butterfly!!
Your butterfly dies!
Your butterfly disappears in a burst of colours!
The blast of rock fragments hits you but does no damage.
Unknown command.
Unknown command.
You swap places.
The caustic shrike claws your butterfly!!!
Your butterfly dies!
Your butterfly disappears in a burst of colours!
Something bites your butterfly!
Your butterfly dies!
Your butterfly disappears in a burst of colours!
The storm dragon rages.
The caustic shrike closely misses your butterfly.
You block the fire dragon's attack. x3
Qealoh's ghost casts a spell next to you.
The wall shatters!
The blast of rock fragments hits your butterfly!!
Your butterfly dies!
Your butterfly disappears in a burst of colours!
The blast of rock fragments hits you!
* * * LOW HITPOINT WARNING * * *
The blast of rock fragments hits your butterfly!
Your butterfly dies!
Your butterfly disappears in a burst of colours!
The blast of rock fragments hits your butterfly!!
Your butterfly dies!
Your butterfly disappears in a burst of colours!
The fire dragon bites you.
* * * LOW HITPOINT WARNING * * *
The fire dragon claws you but does no damage.
You block the fire dragon's attack.
Qealoh's ghost casts a spell next to you.
The wall shatters!
The blast of rock fragments hits your butterfly!!!
Your butterfly dies!
Your butterfly disappears in a burst of colours!
The blast of rock fragments hits you!
You die...

.......#...#..≈§≈≈≈≈......##.8.##
.......#......≈§≈≈≈......##.....#
#'######........≈§......##.......
......#....)...#####...####8.^.8#
......+.......## #..######'''##
###'####......######.......8...8.
#.................##...........
##.....####.©.####..#.....8...8.
##....###..#####@.##.#......^....
#....##..#y[?=$=bD.#..........#..
..##.#....###b..##b##........##..
#'#..##.#..yWb#.....#.#......#...
#.....#...#D.bb.##..#.'......#>..
#.##+.#..##yD#bb...b#.#+######...
###...#Db..#.b.#...##.......#####
##..##......#....#........#....
##..##©###..#####......###....


You could see a caustic shrike (berserk), a storm dragon (berserk), a fire
dragon (berserk, ally target), an ice dragon (berserk), 2 spark wasps, a moth of
wrath (ally target) and Qealoh's ghost (ally target).

Vanquished Creatures
  the Royal Jelly (Slime:5)
  An ancient lich (Vaults:5)
  A dread lich (Vaults:4)
  Mennas (Vaults:3)
  2 juggernauts (Depths:3)
  Sojobo (Vaults:3)
  A royal mummy (Crypt:3)
  Bai Suzhen (Vaults:4)
  3 caustic shrikes
  Xtahua (Vaults:3)
  Jory (Vaults:2)
  7 golden dragons
  2 bone dragons
  A doom hound (Depths:4)
  3 hellephants
  Rupert (Orc:1)
  A tentacled monstrosity (Depths:4)
  2 liches
  Jorgrun (Orc:1)
  3 deep elf master archers
  3 deep elf blademasters
  6 titans
  3 quicksilver dragons
  A walking frostbound tome (Depths:4)
  4 ancient champions
  24 acid blobs
  14 sphinxes
  The ghost of EnergyMaker the Wrestler, a journeyman TrBe of Trog (Snake:1)
  A draconian monk (Depths:4)
  Roxanne (D:14)
  10 storm dragons
  A thorn hunter (Swamp:4)
  5 tengu reavers
  14 azure jellies
  A revenant (Crypt:2)
  5 shadow dragons
  5 nagarajas (Snake:4)
  12 fire giants
  2 iron dragons
  2 fenstrider witches (Swamp:3)
  17 rockslimes
  A draconian scorcher (Depths:4)
  5 frost giants
  16 vault wardens
  A draconian knight (WizLab)
  Louise (Elf:1)
  2 curse skulls (Crypt:2)
  2 deep elf elementalists (Elf:3)
  The ghost of Xitaol the Ninja, an adept SpEn of Wu Jian (Snake:1)
  2 imperial myrmidons (Desolation)
  3 spectral caustic shrikes (Depths:4)
  4 deep elf sorcerers
  4 orc warlords
  2 ghouls
  A spriggan defender (Depths:3)
  A draconian annihilator (Depths:4)
  4 reapers
  3 war gargoyles
  14 stone giants
  12 quicksilver oozes
  16 ironbound preservers
  8 very ugly things
  7 ironbound thunderhulks
  8 vampire knights
  An eleionoma (Swamp:4)
  7 bunyips
  9 deep elf demonologists
  3 deep elf annihilators
  Azrael (D:13)
  A green draconian (Depths:4)
  A minotaur (Gauntlet)
  2 halazid warlocks (Desolation)
  11 purple draconians
  A black draconian (Depths:4)
  8 dire elephants
  A red draconian (Depths:4)
  12 spark wasps
  13 fire dragons
  A yellow draconian (Depths:4)
  7 deep elf death magi
  2 eidola
  Snorg (D:11)
  2 blizzard demons
  2 entropy weavers
  6 jiangshi
  9 statues (WizLab)
  3 crystal guardians
  2 merfolk javelineers (Depths:3)
  3 mummy priests (Crypt:3)
  4 ragged hierophants (Desolation)
  14 ettins
  Josephine (D:10)
  13 yaktaur captains
  10 deep elf high priests
  11 great orbs of eyes
  8 servants of whispers (Desolation)
  8 ice dragons
  12 peacekeepers
  3 rakshasas
  A spriggan zombie (Hell)
  A caustic shrike simulacrum (Crypt:1)
  4 salamander tyrants
  2 quicksilver dragon skeletons (Crypt:1)
  39 vault guards
  2 ogre magi
  21 hydras
  6 spriggan air magi
  11 centaur warriors
  Erica (D:11)
  2 death knights (Crypt:2)
  8 ironbound frosthearts
  A juggernaut simulacrum (Crypt:1)
  A radroach (shapeshifter) (D:15)
  6 anacondas
  A catoblepas (Lair:5)
  16 naga warriors
  30 dancing weapons
  9 two-headed ogres
  5 boulder beetles
  9 alligators
  6 deep troll earth magi
  3 hell hogs (Hell)
  9 death yaks
  14 deep troll shamans
  5 vampire magi
  A titan zombie (Hell)
  10 tengu warriors
  A quicksilver ooze zombie (Crypt:2)
  Urug (Orc:1)
  9 spriggan berserkers
  9 orc high priests
  6 shock serpents
  14 naga sharpshooters
  12 hell knights
  9 soul eaters
  Nergalle (D:9)
  17 deep elf knights
  A sun demon (D:15)
  5 salamander mystics
  19 skeletal warriors
  A skyshark (shapeshifter) (Vaults:5)
  10 iron trolls
  A goliath frog (shapeshifter) (Depths:2)
  4 goliath frogs
  An anaconda zombie (Hell)
  4 shadow wraiths
  2 shadow demons (Depths:3)
  7 glowing orange brains
  4 flayed ghosts
  A death drake (Swamp:3)
  14 swamp dragons
  16 deep elf archers
  13 phantasmal warriors
  63 deep trolls
  An orange crystal statue (Depths:3)
  2 spriggan simulacra
  6 spriggan druids
  22 ironbound convokers
  A shadow dragon zombie (Crypt:1)
  6 wizards
  17 bog bodies
  12 necromancers
  7 lindwurms
  A golden dragon skeleton (Depths:1)
  3 naga ritualists
  15 orc knights
  30 ugly things
  A wolf spider (D:15)
  22 deep elf pyromancers
  31 deep elf zephyrmancers
  3 will-o-the-wisps
  7 shining eyes
  4 mana vipers
  2 orc sorcerers (Orc:1)
  2 tengu skeletons
  A cyclops (shapeshifter) (Vaults:4)
  9 salamanders
  2 moths of wrath (Depths:1)
  10 cyclopes
  An iron dragon zombie (Depths:1)
  5 manticores
  15 elephants
  Maurice (Orc:1)
  A guardian serpent (shapeshifter) (D:15)
  9 guardian serpents
  3 rust devils
  23 black mambas
  17 vault sentinels
  A stone giant skeleton (Crypt:1)
  2 titan simulacra (Crypt:1)
  A water nymph (shapeshifter) (Vaults:4)
  A torpor snail (Gauntlet)
  19 naga magi
  3 gargoyles
  2 orange demons (D:15)
  Maggie (D:10)
  5 rime drakes
  A cane toad (shapeshifter) (Vaults:5)
  5 cane toads
  14 freezing wraiths
  5 kobold demonologists
  36 yaktaurs
  A minotaur zombie (Gauntlet)
  A sea snake zombie (Hell)
  2 smoke demons (D:15)
  A bunyip simulacrum (Crypt:1)
  An efreet (D:12)
  8 komodo dragons
  21 tengu conjurers
  26 guardian mummies (Crypt:3)
  A black draconian zombie (Crypt:2)
  2 anaconda simulacra (Crypt:1)
  A purple draconian skeleton (Crypt:3)
  7 ice devils
  2 red devils
  A sea snake skeleton (Hell)
  A minotaur skeleton (Crypt:1)
  A meliai (D:12)
  A hydra zombie (Hell)
  5 polar bears
  8 tyrant leeches
  A yaktaur skeleton (Vaults:3)
  2 bloated husks
  A wolf spider simulacrum (D:15)
  Prince Ribbit (D:6)
  46 saltlings (Desolation)
  A tarantella (Vaults:1)
  2 tarantellas (shapeshifter)
  10 hornets
  An alligator zombie (Hell)
  A shadow dragon simulacrum (Vaults:3)
  A black draconian skeleton (Crypt:1)
  7 trolls
  Grinder (D:3)
  2 blink frogs (shapeshifter)
  5 blink frogs (Lair:5)
  A boulder beetle zombie (Crypt:3)
  A snapping turtle (shapeshifter) (Depths:2)
  88 slime creatures
  A jumping spider (Vaults:4)
  2 slime creatures (shapeshifter)
  4 water elementals
  A culicivora (Vaults:1)
  4 flying skulls (Crypt:1)
  A vampire (D:11)
  3 shadows
  4 air elementals
  12 spriggans
  22 wraiths
  53 yaks
  Sigmund (D:3)
  10 ushabtiu (Crypt:3)
  9 fire elementals
  A wind drake zombie (Crypt:3)
  5 fire dragon skeletons
  An unseen horror simulacrum (D:9)
  A wyvern (D:9)
  A golden eye (shapeshifter) (D:12)
  7 basilisks
  The ghost of Tinylith the Slasher, an amateur DsFi (D:4)
  A redback (shapeshifter) (Vaults:4)
  3 redbacks
  A chaos spawn (D:15)
  12 vampire mosquitoes
  Menkaure (D:5)
  6 neqoxecs
  3 acid dragons
  14 swamp worms
  57 nagas
  7 wargs
  11 water moccasins
  Duvessa (D:4)
  2 hell hounds (D:13)
  7 swamp drakes
  A floating eye (Depths:2)
  42 orc warriors
  3 black bears
  4 ice beasts
  2 glowing shapeshifter skeletons
  A black mamba simulacrum (Crypt:1)
  A sky beast (D:7)
  An ogre (shapeshifter) (D:14)
  7 boggarts
  4 centaurs
  23 wolves
  7 ogres
  3 phantoms
  A vine stalker zombie (Crypt:1)
  9 bullfrogs
  7 kobold brigands
  4 earth elementals
  A gnoll sergeant (D:9)
  3 necrophages
  A scorpion (D:4)
  A cyclops zombie (Crypt:2)
  30 wights
  Dowan (D:4)
  10 killer bees
  A raiju skeleton (Crypt:1)
  2 electric eels
  2 howler monkeys
  2 quasits (D:13)
  3 jellies
  A hound (D:6)
  A gnoll bouda (D:8)
  3 iguanas
  34 orc priests
  3 hell rats (Hell)
  25 orc wizards
  5 centaur simulacra
  A naga skeleton (Crypt:3)
  A boggart simulacrum (D:12)
  12 mummies (Crypt:3)
  11 gnolls
  6 adders
  2 white imps (D:9)
  A howler monkey simulacrum (D:9)
  3 ufetubi
  An adder skeleton (Crypt:2)
  A lava snake skeleton (Crypt:1)
  3 worms
  2 dart slugs
  93 orcs
  8 ball pythons
  21 endoplasms
  5 giant cockroaches
  5 goblins
  9 hobgoblins
  11 jackals (D:1)
  A kobold (shapeshifter) (Depths:4)
  2 quokkas
  8 bats
  A dart slug zombie (Crypt:1)
  4 frilled lizards
  A goblin skeleton (Crypt:2)
  A goblin zombie (Crypt:1)
  49 kobolds
  A kobold skeleton (Crypt:3)
  6 rats
2387 creatures vanquished.

Vanquished Creatures (collateral kills)
  Dissolution (Slime:2)
  A juggernaut (Depths:3)
  Saint Roka (Vaults:1)
  Geryon (Hell)
  A lich (Crypt:1)
  A titan (Vaults:5)
  An acid blob (Slime:5)
  A shadow dragon (Hell)
  A rockslime (Slime:5)
  2 revenants (Crypt:2)
  Donald (Crypt:2)
  2 tengu reavers (Vaults:5)
  2 azure jellies
  A vault warden (Vaults:5)
  2 ghouls (Crypt:1)
  A spectral caustic shrike (Depths:4)
  Aizul (Swamp:3)
  An ironbound preserver (Vaults:5)
  A quicksilver ooze (Slime:5)
  3 reapers
  A war gargoyle (Hell)
  A vampire knight (Hell)
  The ghost of ymhsbmbesitwf the Geomancer, a journeyman GrEE of Vehumet (D:13)
  A white draconian (Depths:4)
  An eidolon (Crypt:2)
  A green death (Hell)
  A great orb of eyes (Slime:5)
  A fire dragon (D:11)
  2 jiangshi (Crypt:1)
  A shambling mangrove (Swamp:3)
  A vault guard (Vaults:5)
  A fenstrider witch skeleton (Hell)
  A quicksilver dragon skeleton (Crypt:1)
  A death knight (Crypt:1)
  2 deep troll earth magi (Depths:4)
  2 vampire magi (Crypt:1)
  3 hell knights
  12 skeletal warriors
  4 shadow wraiths (Crypt:1)
  A golden dragon zombie (Hell)
  A swamp dragon (Swamp:3)
  2 bog bodies (Crypt:3)
  3 deep trolls
  A glowing orange brain (Slime:4)
  3 phantasmal warriors (Crypt:1)
  2 necromancers
  An anaconda skeleton (Hell)
  2 shining eyes
  A naga zombie (Crypt:1)
  5 freezing wraiths (Crypt:1)
  4 guardian mummies (Crypt:3)
  A catoblepas skeleton (Crypt:2)
  4 ice devils (Hell)
  A hornet (Swamp:3)
  2 hydra zombies (Hell)
  2 harpy skeletons
  2 alligator zombies (Hell)
  17 slime creatures
  2 flying skulls (Crypt:1)
  4 water elementals (Depths:4)
  An ettin skeleton (Hell)
  A centaur simulacrum (Crypt:1)
  A fire dragon skeleton (Crypt:1)
  A dire elephant simulacrum (Crypt:1)
  2 naga simulacra (Crypt:1)
  A wraith (Crypt:1)
  4 ushabtiu (Crypt:3)
  An alligator snapping turtle simulacrum (Crypt:1)
  A wind drake skeleton (Crypt:2)
  3 harpy simulacra
  A merfolk skeleton (Crypt:2)
  A naga skeleton (Crypt:1)
  2 orc warriors (Vaults:1)
  A fire dragon simulacrum (Crypt:1)
  A dream sheep zombie (Crypt:3)
  2 ettin simulacra (Crypt:1)
  2 ice dragon simulacra
  A black mamba simulacrum (Crypt:1)
  A swamp dragon skeleton (Crypt:2)
  A necrophage (Crypt:1)
  A quasit (D:13)
  2 orc priests (Vaults:1)
  2 orc wizards (Vaults:1)
  6 hell rats (Hell)
  2 mummies (Crypt:3)
  An orc (Vaults:1)
  An orc skeleton (Crypt:3)
  2 creeping infernos (Hell)
  2 fire vortices (Hell)
173 creatures vanquished.

Vanquished Creatures (others)
  An elemental wellspring (Depths:3)
  A vault guard (Vaults:4)
  A manticore (D:13)
  A black mamba (Snake:4)
  A yaktaur (Vaults:3)
  3 bloated husks
  A hornet (Swamp:1)
  A saltling (Desolation)
  A spriggan (Swamp:1)
  A water elemental (Elf:1)
  A naga (Snake:2)
  An orc priest (Elf:1)
  An orc (Elf:1)
  A fire vortex (Hell)
  16 foxfires
32 creatures vanquished.

Grand Total: 2592 creatures vanquished

Notes
Turn   | Place    | Note
-------+----------+-------------------------------------------
     0 | D:1      | SharpKris the Gnoll Fighter began the quest for the Orb.
     0 | D:1      | Reached XP level 1. HP: 23/23 MP: 1/1
   205 | D:1      | Reached XP level 2. HP: 26/29 MP: 2/2
   241 | D:1      | Reached XP level 3. HP: 32/35 MP: 3/3
   503 | D:1      | Found Edoditav's Weapon Shoppe.
   750 | D:2      | Reached skill level 1 in Invocations
   824 | D:2      | Reached skill level 1 in Short Blades
   824 | D:2      | Reached skill level 1 in Long Blades
   824 | D:2      | Reached skill level 1 in Maces & Flails
   824 | D:2      | Reached skill level 1 in Polearms
   824 | D:2      | Reached skill level 1 in Staves
   824 | D:2      | Reached skill level 1 in Ranged Weapons
   824 | D:2      | Reached skill level 1 in Throwing
   824 | D:2      | Reached skill level 1 in Dodging
   824 | D:2      | Reached skill level 1 in Stealth
   824 | D:2      | Reached skill level 1 in Unarmed Combat
   824 | D:2      | Reached skill level 1 in Spellcasting
   824 | D:2      | Reached skill level 1 in Evocations
   856 | D:2      | Reached XP level 4. HP: 41/41 MP: 5/5
   983 | D:2      | Found Luitz's Assorted Antiques.
  1104 | D:2      | Reached skill level 1 in Conjurations
  1104 | D:2      | Reached skill level 1 in Hexes
  1104 | D:2      | Reached skill level 1 in Summonings
  1104 | D:2      | Reached skill level 1 in Necromancy
  1104 | D:2      | Reached skill level 1 in Translocations
  1104 | D:2      | Reached skill level 1 in Transmutations
  1104 | D:2      | Reached skill level 1 in Fire Magic
  1104 | D:2      | Reached skill level 1 in Ice Magic
  1104 | D:2      | Reached skill level 1 in Air Magic
  1104 | D:2      | Reached skill level 1 in Earth Magic
  1104 | D:2      | Reached skill level 1 in Poison Magic
  1150 | D:2      | Reached XP level 5. HP: 10/47 MP: 5/7
  1541 | D:3      | Identified the +2 leather armour "Ququtwez" {-Cast rF++
                  | Dex+2}
  1598 | D:3      | Noticed a phantom
  1616 | D:3      | Killed a phantom
  1617 | D:3      | Reached skill level 5 in Axes
  1617 | D:3      | Reached XP level 6. HP: 46/53 MP: 8/8
  1641 | D:3      | Noticed Grinder
  1642 | D:3      | Paralysed by Grinder for 3 turns
  1649 | D:3      | Killed Grinder
  1650 | D:3      | Reached XP level 7. HP: 30/60 MP: 8/10
  2025 | D:3      | Found a glowing drain.
  2290 | D:3      | Noticed Sigmund
  2306 | D:3      | Killed Sigmund
  2617 | D:4      | Found a runed translucent gate.
  2618 | D:4      | Found a runed translucent gate.
  2678 | D:4      | Found a runed translucent gate.
  2678 | D:4      | Identified the +1 dagger "Ihic" {pain, Str+4}
  2682 | D:4      | Noticed Tinylith's ghost (amateur DsFi)
  2739 | D:4      | Found Justuoz's Book Shop.
  2743 | D:4      | Found Hanaylomo's Distillery.
  2767 | D:4      | Found Tonobb's Magic Scroll Emporium.
  2794 | D:4      | Bought a scroll of magic mapping for 82 gold pieces
  2794 | D:4      | Bought a scroll of identify for 22 gold pieces
  2794 | D:4      | Bought a scroll of identify for 22 gold pieces
  2817 | D:4      | Reached XP level 8. HP: 32/67 MP: 12/12
  2937 | D:4      | Found Kogh's Antique Armour Shop.
  3061 | D:4      | Found Kuxuux's Book Boutique.
  3117 | D:4      | Noticed Dowan
  3117 | D:4      | Noticed Duvessa
  3433 | D:4      | HP: 2/67 [Duvessa/+1 short sword of electrocution (2)]
  3812 | D:4      | Killed Duvessa
  3835 | D:4      | Killed Dowan
  4006 | D:5      | Entered Level 5 of the Dungeon
  4179 | D:5      | Identified the +1 leather armour of a Labyrinth {rElec rC+
                  | Stlth+}
  4560 | D:5      | Noticed Menkaure
  4570 | D:5      | Killed Menkaure
  4859 | D:6      | Reached XP level 9. HP: 66/73 MP: 14/14
  4962 | D:6      | Noticed Prince Ribbit
  4998 | D:6      | Killed Prince Ribbit
  6260 | D:7      | Found a staircase to the Ecumenical Temple.
  6287 | Temple   | Entered the Ecumenical Temple
  6756 | Temple   | Became a worshipper of Elyvilon the Healer
  7051 | D:7      | Identified the ring "Rempez" {MP+9 Str+6}
  7066 | D:7      | Reached skill level 5 in Invocations
  7477 | D:7      | Learned a level 3 spell: Mephitic Cloud
  7480 | D:7      | Learned a level 2 spell: Poisonous Vapours
  7483 | D:7      | Learned a level 2 spell: Blink
  7501 | D:7      | Reached * piety under Elyvilon
  7817 | D:7      | Found a bloodstained altar of Trog.
  8006 | D:8      | Found a flagged portal.
  8018 | Bailey   | Entered a bailey
  8091 | Bailey   | Reached skill level 5 in Short Blades
  8091 | Bailey   | Reached skill level 5 in Long Blades
  8091 | Bailey   | Reached skill level 5 in Maces & Flails
  8091 | Bailey   | Reached skill level 5 in Polearms
  8091 | Bailey   | Reached skill level 5 in Staves
  8091 | Bailey   | Reached skill level 5 in Ranged Weapons
  8091 | Bailey   | Reached skill level 5 in Throwing
  8091 | Bailey   | Reached skill level 5 in Dodging
  8091 | Bailey   | Reached skill level 5 in Stealth
  8091 | Bailey   | Reached skill level 5 in Unarmed Combat
  8091 | Bailey   | Reached skill level 5 in Spellcasting
  8091 | Bailey   | Reached skill level 5 in Evocations
  8221 | Bailey   | Reached XP level 10. HP: 81/81 MP: 17/17
  9209 | D:8      | Reached ** piety under Elyvilon
  9231 | D:8      | Found a staircase to the Lair.
 10618 | D:9      | Reached skill level 5 in Conjurations
 10618 | D:9      | Reached skill level 5 in Hexes
 10618 | D:9      | Reached skill level 5 in Summonings
 10618 | D:9      | Reached skill level 5 in Necromancy
 10618 | D:9      | Reached skill level 5 in Translocations
 10618 | D:9      | Reached skill level 5 in Transmutations
 10618 | D:9      | Reached skill level 5 in Fire Magic
 10618 | D:9      | Reached skill level 5 in Ice Magic
 10618 | D:9      | Reached skill level 5 in Air Magic
 10618 | D:9      | Reached skill level 5 in Earth Magic
 10618 | D:9      | Reached skill level 5 in Poison Magic
 10623 | D:9      | Reached XP level 11. HP: 31/89 MP: 20/20
 10875 | D:9      | Found a staircase to the Orcish Mines.
 11607 | D:9      | Noticed a two-headed ogre
 11616 | D:9      | Killed a two-headed ogre
 11744 | D:9      | Noticed a two-headed ogre
 11754 | D:9      | Killed a two-headed ogre
 11893 | D:9      | Reached *** piety under Elyvilon
 12327 | Lair:1   | Entered Level 1 of the Lair of Beasts
 12719 | Lair:1   | You fall into a shaft and drop 1 floor!
 12827 | Lair:1   | Noticed a four-headed hydra
 12852 | Lair:1   | Killed a seven-headed hydra
 13212 | Lair:2   | Reached XP level 12. HP: 97/97 MP: 22/22
 13791 | Lair:2   | Reached **** piety under Elyvilon
 14253 | Lair:3   | Noticed a five-headed hydra
 14343 | Lair:3   | Noticed a four-headed hydra
 14355 | Lair:3   | Killed a five-headed hydra
 14437 | Lair:3   | Reached skill level 10 in Fighting
 14437 | Lair:3   | Reached skill level 10 in Armour
 14437 | Lair:3   | Reached skill level 10 in Shields
 14452 | Lair:3   | Killed a five-headed hydra
 14956 | Lair:3   | Found a staircase to the Snake Pit.
 15159 | Lair:3   | Found a staircase to the Swamp.
 16432 | Lair:4   | Reached ***** piety under Elyvilon
 16648 | Lair:4   | Reached XP level 13. HP: 104/104 MP: 25/25
 17588 | Lair:5   | Entered Level 5 of the Lair of Beasts
 18591 | Lair:5   | Found a viscous altar of Jiyva.
 18591 | Lair:5   | Found a staircase to the Slime Pits.
 18871 | Lair:5   | Reached skill level 10 in Axes
 21157 | Orc:1    | Entered Level 1 of the Orcish Mines
 21164 | Orc:1    | Reached skill level 10 in Invocations
 21164 | Orc:1    | Reached XP level 14. HP: 101/113 MP: 27/27
 21200 | Orc:1    | Noticed Nergalle
 21243 | D:9      | Killed Nergalle
 21449 | Orc:1    | Found Weupsu's Antique Weapon Shoppe.
 21457 | Orc:1    | Bought a masterwork short sword for 224 gold pieces
 21457 | Orc:1    | Identified the +4 short sword of Embarrassment {drain,
                  | rPois Int-3 SInv Stlth+} (You bought it in a shop on level
                  | 1 of the Orcish Mines)
 21514 | Orc:1    | Found Nyroh's General Store.
 21518 | Orc:1    | Noticed an orc warlord
 21549 | Orc:1    | Noticed Maurice
 21617 | Orc:1    | Killed Maurice
 21690 | D:9      | Killed an orc warlord
 22308 | Orc:1    | Bought a +0 hand crossbow for 59 gold pieces
 22354 | Orc:1    | Found Zukhlow's Weapon Boutique.
 22600 | Orc:2    | Entered Level 2 of the Orcish Mines
 22600 | Orc:2    | Noticed Rupert
 22613 | Orc:1    | Killed Rupert
 22765 | Orc:2    | Noticed Jorgrun
 22900 | Orc:2    | Noticed Urug
 22914 | Orc:2    | HP: 3/113 [Jorgrun/blast of rock fragments (13)]
 23237 | Orc:1    | Killed Jorgrun
 23533 | Orc:1    | Killed Urug
 23872 | Orc:2    | Found a staircase to the Elven Halls.
 23908 | Orc:2    | Found Pujoutu's General Store.
 24000 | Orc:2    | Bought a wand of light (5) for 357 gold pieces
 24000 | Orc:2    | Bought a wand of paralysis (3) for 122 gold pieces
 26100 | Orc:2    | Found Dueg's Jewellery Emporium.
 26103 | Orc:2    | Found Parchysin's Assorted Antiques.
 26104 | Orc:2    | Found Rixuunkuree's Magic Scroll Emporium.
 26105 | Orc:2    | Found Folihos's Assorted Antiques.
 26108 | Orc:2    | Bought a scroll of brand weapon for 104 gold pieces
 26108 | Orc:2    | Bought a scroll of identify for 22 gold pieces
 26108 | Orc:2    | Bought a scroll of identify for 22 gold pieces
 26108 | Orc:2    | Bought a scroll of magic mapping for 82 gold pieces
 26240 | Orc:2    | Bought a brightly glowing shortbow for 208 gold pieces
 26240 | Orc:2    | Identified the +5 shortbow of Quick Death {drain, rF- Will+
                  | Str+5 Dex+2} (You bought it in a shop on level 2 of the
                  | Orcish Mines)
 26390 | Temple   | Gained mutation: You have a pair of small horns on your
                  | head. [potion of mutation]
 26390 | Temple   | Gained mutation: You are agile. (Dex +4, Str/Int -1)
                  | [potion of mutation]
 26521 | D:10     | Entered Level 10 of the Dungeon
 26678 | D:4      | Killed Tinylith's ghost
 27116 | D:10     | Noticed Josephine
 27200 | D:10     | Killed Josephine
 27485 | D:10     | Found an ornate altar of the Wu Jian Council.
 27494 | D:10     | Found a shimmering blue altar of Sif Muna.
 27721 | D:10     | Reached skill level 10 in Short Blades
 27721 | D:10     | Reached skill level 10 in Long Blades
 27721 | D:10     | Reached skill level 10 in Maces & Flails
 27721 | D:10     | Reached skill level 10 in Polearms
 27721 | D:10     | Reached skill level 10 in Staves
 27721 | D:10     | Reached skill level 10 in Ranged Weapons
 27721 | D:10     | Reached skill level 10 in Throwing
 27721 | D:10     | Reached skill level 10 in Dodging
 27721 | D:10     | Reached skill level 10 in Stealth
 27721 | D:10     | Reached skill level 10 in Unarmed Combat
 27721 | D:10     | Reached skill level 10 in Spellcasting
 27721 | D:10     | Reached skill level 10 in Evocations
 27960 | D:10     | Noticed Maggie
 27976 | D:10     | Killed Maggie
 28373 | D:11     | Noticed Erica
 28380 | D:11     | Killed Erica
 28475 | D:11     | Reached XP level 15. HP: 120/120 MP: 29/29
 28625 | D:11     | Noticed Snorg
 28633 | D:11     | Killed Snorg
 29246 | D:11     | Identified the +1 leather armour of Plog {rF+}
 29561 | D:12     | You fall into a shaft and drop 3 floors!
 29561 | D:15     | Entered Level 15 of the Dungeon
 29562 | D:15     | Found Eqoag's Book Shoppe.
 29595 | D:15     | Bought the Unrestrained Analects for 598 gold pieces
 29600 | D:15     | Learned a level 4 spell: Olgreb's Toxic Radiance
 29604 | D:15     | Found Yrrinn's Distillery.
 30009 | D:13     | Found a gate leading to a gauntlet.
 30018 | Gauntlet | Entered a Gauntlet
 30018 | Gauntlet | Found a transporter.
 30027 | Gauntlet | Found a transporter.
 30043 | Gauntlet | Found a transporter.
 30047 | Gauntlet | Found a transporter.
 30057 | Gauntlet | Found a transporter.
 30077 | Gauntlet | Found a transporter.
 30080 | Gauntlet | Found a transporter.
 30084 | Gauntlet | Found a transporter.
 30107 | Gauntlet | Found a transporter.
 30115 | Gauntlet | Found a transporter.
 30115 | Gauntlet | Found a transporter.
 30126 | Gauntlet | Found a transporter.
 30438 | Gauntlet | Identified the +3 helmet of Mysticism {-Cast rC+ rCorr
                  | Stlth+}
 30512 | Gauntlet | Identified the ring of Onuaxy {rN+ Str+6}
 30748 | Gauntlet | Identified the staff of poison "Guon" {rElec rPois rN+}
 30820 | D:13     | Noticed Azrael
 30841 | D:13     | Killed Azrael
 31504 | D:12     | Learned a level 3 spell: Ignite Poison
 31736 | D:12     | Identified the amulet "Nifab" {Reflect Harm Dex+4 SH+5
                  | Stlth+}
 31978 | D:12     | Found a runed translucent door.
 31978 | D:12     | Found a runed translucent door.
 33289 | Temple   | Fell from the grace of Elyvilon
 33289 | Temple   | Became a worshipper of the Shining One
 33289 | Temple   | Reached * piety under the Shining One
 33289 | Temple   | Reached ** piety under the Shining One
 33505 | D:13     | Reached *** piety under the Shining One
 33544 | D:13     | Found a transporter.
 33555 | D:13     | Noticed ymhsbmbesitwf's ghost (journeyman GrEE)
 33561 | D:13     | Found a transporter.
 33773 | D:13     | Identified the +1 falchion "Kossuycro" {drain, *Corrode rN+
                  | Dex+4}
 34158 | D:14     | Noticed Roxanne
 34635 | D:14     | Found a gate to the Vaults.
 34791 | D:14     | Killed Roxanne
 34792 | D:14     | Reached XP level 16. HP: 107/129 MP: 30/30
 34808 | D:14     | Learned a level 5 spell: Lee's Rapid Deconstruction
 34827 | D:15     | Found Pueduofa's General Store.
 34847 | D:15     | Found Lonyic's Armour Emporium.
 35402 | D:15     | Found a staircase to the Depths.
 35403 | D:15     | Reached **** piety under the Shining One
 35716 | D:15     | Found Zaomeulu's Armour Shoppe.
 36185 | Swamp:1  | Entered Level 1 of the Swamp
 36216 | Swamp:1  | Reached ***** piety under the Shining One
 36386 | Swamp:1  | Identified the +3 hand axe of Tuasov {heavy, rN++}
 36585 | Swamp:1  | You fall into a shaft and drop 1 floor!
 37425 | Swamp:2  | HP: 3/130 [will-o-the-wisp/foxfire (16)]
 38544 | Swamp:3  | Noticed a fenstrider witch
 38790 | Swamp:2  | HP: 4/131 [poisoned by a swamp dragon (blast of poison)]
 39324 | Swamp:3  | Found the ring of the Octopus King
 39349 | Swamp:3  | Reached XP level 17. HP: 124/137 MP: 32/32
 39354 | Swamp:3  | Identified a ring of the Octopus King {rN+ HP+2 AC+2 EV+2
                  | SH+2}
 39634 | Swamp:3  | Reached skill level 10 in Conjurations
 39634 | Swamp:3  | Reached skill level 10 in Hexes
 39634 | Swamp:3  | Reached skill level 10 in Summonings
 39634 | Swamp:3  | Reached skill level 10 in Necromancy
 39634 | Swamp:3  | Reached skill level 10 in Translocations
 39634 | Swamp:3  | Reached skill level 10 in Transmutations
 39634 | Swamp:3  | Reached skill level 10 in Fire Magic
 39634 | Swamp:3  | Reached skill level 10 in Ice Magic
 39634 | Swamp:3  | Reached skill level 10 in Air Magic
 39634 | Swamp:3  | Reached skill level 10 in Earth Magic
 39634 | Swamp:3  | Reached skill level 10 in Poison Magic
 39991 | Swamp:3  | Identified the +6 dagger "Aciarisi" {heavy, Contam rElec
                  | rN+ Int+3}
 40183 | Swamp:4  | Entered Level 4 of the Swamp
 40187 | Swamp:4  | Noticed Aizul
 40207 | Swamp:3  | Killed Aizul
 42074 | Swamp:4  | Got a decaying rune of Zot
 42549 | Snake:1  | Entered Level 1 of the Snake Pit
 42630 | Snake:1  | Found an opulent altar of Gozag.
 42856 | Snake:1  | Found a runed translucent gate.
 42857 | Snake:1  | Found a runed translucent gate.
 42857 | Snake:1  | Found a runed translucent gate.
 42857 | Snake:1  | Noticed EnergyMaker's ghost (journeyman TrBe)
 42857 | Snake:1  | Noticed Xitaol's ghost (adept SpEn)
 43322 | Snake:1  | Found Luzunus's Book Shoppe.
 43323 | Snake:1  | Found Egunnug's Jewellery Boutique.
 43326 | Snake:1  | Found Bootagg's Book Shoppe.
 43440 | Snake:1  | Bought the Compendium of Transformation and the Bonfire for
                  | 312 gold pieces
 43446 | Snake:1  | Learned a level 5 spell: Yara's Violent Unravelling
 43481 | Snake:1  | Identified the +1 cloak of the Crypt {Harm rCorr SInv}
 44557 | Snake:2  | Reached XP level 18. HP: 106/146 MP: 34/34
 44792 | Snake:2  | You fall into a shaft and drop 1 floor!
 45743 | Snake:3  | Found Lenoquesh's Magic Scroll Boutique.
 45757 | Snake:3  | Bought a scroll of enchant weapon for 127 gold pieces
 46885 | Snake:4  | Entered Level 4 of the Snake Pit
 46885 | Snake:4  | Found Derirghi's Magic Scroll Shop.
 47026 | Snake:4  | Found Henkergh's Magic Scroll Shop.
 47055 | Snake:4  | Found Cifi's Book Boutique.
 47349 | Snake:4  | Found Vefoimipam's Assorted Antiques.
 47521 | Snake:4  | Bought a scroll of enchant weapon for 120 gold pieces
 47552 | Snake:4  | Found Sufolun's Weapon Shoppe.
 49079 | Snake:4  | Got a serpentine rune of Zot
 50017 | Vaults:1 | Entered Level 1 of the Vaults
 50383 | Vaults:1 | Reached XP level 19. HP: 153/153 MP: 36/36
 50569 | Vaults:1 | Identified the +0 buckler "Reuta" {rC++}
 50690 | Vaults:1 | Noticed Saint Roka
 50716 | Vaults:1 | Killed Saint Roka
 51576 | Vaults:1 | Identified the staff of poison "Ocrith" {rPois rF+ rC+ rN+}
 51915 | Vaults:1 | Reached skill level 15 in Fighting
 51915 | Vaults:1 | Reached skill level 15 in Armour
 51915 | Vaults:1 | Reached skill level 15 in Shields
 53168 | Vaults:2 | Noticed Jory
 53189 | Vaults:2 | Killed Jory
 53204 | Vaults:2 | Found a staircase to the Crypt.
 53247 | Vaults:2 | Reached skill level 15 in Invocations
 53493 | Vaults:2 | Reached XP level 20. HP: 99/162 MP: 27/37
 54943 | Vaults:2 | Learned a level 5 spell: Silence
 55183 | Vaults:2 | Found the +6 arbalest "Damnation" {damnation}
 55227 | Vaults:2 | Identified the +6 arbalest "Worm" {speed, Int+4}
 55358 | Vaults:3 | Found a crumbling gateway.
 55403 | Desolati | Entered the Desolation of Salt
 55805 | Desolati | Reached skill level 15 in Axes
 55891 | Desolati | Identified the ring of Dithmenos's Reproof {rElec Int+6}
 55940 | Desolati | Reached ****** piety under the Shining One
 56231 | Desolati | Got the Octavo of a Hundred Loafs
 56244 | Desolati | Identified the +0 hand axe "Idwoaw" {venom, Str-4 Int+6
                  | SInv}
 56341 | Desolati | Identified the +9 mace "Poeron" {venom, Str+2 SInv}
 56361 | Desolati | Identified the ring of Fisopsam {rElec rF+ Will+ Str+3
                  | Slay+3}
 56365 | Desolati | Got Sif Muna's Almanac of Shivering Turbulence
 57097 | Vaults:3 | Reached XP level 21. HP: 170/170 MP: 35/39
 57201 | Vaults:3 | You fall into a shaft and drop 1 floor!
 57202 | Vaults:4 | Noticed a golden dragon
 57215 | Vaults:4 | Killed a golden dragon
 57537 | Vaults:3 | Noticed Sojobo
 57562 | Vaults:3 | Killed Sojobo
 57566 | Vaults:3 | HP: 4/173 [tengu reaver/+3 dire flail[Sojobo] (27)]
 57768 | Vaults:3 | Noticed Xtahua
 57782 | Vaults:3 | Killed Xtahua
 57866 | Vaults:3 | Noticed Mennas
 57878 | Vaults:3 | Killed Mennas
 58497 | Vaults:4 | Reached skill level 15 in Short Blades
 58497 | Vaults:4 | Reached skill level 15 in Long Blades
 58497 | Vaults:4 | Reached skill level 15 in Maces & Flails
 58497 | Vaults:4 | Reached skill level 15 in Polearms
 58497 | Vaults:4 | Reached skill level 15 in Staves
 58497 | Vaults:4 | Reached skill level 15 in Ranged Weapons
 58497 | Vaults:4 | Reached skill level 15 in Throwing
 58497 | Vaults:4 | Reached skill level 15 in Dodging
 58497 | Vaults:4 | Reached skill level 15 in Stealth
 58497 | Vaults:4 | Reached skill level 15 in Unarmed Combat
 58497 | Vaults:4 | Reached skill level 15 in Spellcasting
 58497 | Vaults:4 | Reached skill level 15 in Evocations
 58765 | Vaults:4 | Identified the ring of Surprise {Int+6 Dex+2}
 59171 | Vaults:4 | Noticed Bai Suzhen
 59200 | Vaults:4 | Killed Bai Suzhen
 59766 | Vaults:5 | Entered Level 5 of the Vaults
 60031 | Depths:1 | Entered Level 1 of the Depths
 60183 | Depths:1 | Reached XP level 22. HP: 172/179 MP: 41/41
 60204 | Depths:1 | Found a gateway to Hell.
 60287 | Depths:1 | Found a magical portal.
 60301 | WizLab   | Entered Iskenderun's Mystic Tower
 60956 | WizLab   | HP: 6/182 [disintegration (50)]
 61186 | WizLab   | Got Iskenderun's Vademecum on Blows
 61186 | WizLab   | Got Iskenderun's Almanac of Confrontation
 61321 | WizLab   | Learned a level 3 spell: Tukima's Dance
 61326 | WizLab   | Learned a level 4 spell: Manifold Assault
 61332 | WizLab   | Learned a level 5 spell: Arcjolt
 61442 | Depths:1 | Found a shadowy altar of Dithmenos.
 61829 | Depths:1 | Found a transporter.
 61832 | Depths:1 | Noticed a caustic shrike
 61845 | Depths:1 | Noticed Qealoh's ghost (adept MeMo)
 61854 | Depths:1 | Found a transporter.
 61864 | Depths:1 | Noticed a caustic shrike
 62626 | Snake:4  | Bought a scroll of acquirement for 728 gold pieces
 62626 | Snake:4  | Acquired 857 gold pieces
 62909 | Temple   | Lost mutation: You have a pair of small horns on your head.
                  | [potion of mutation]
 62909 | Temple   | Lost mutation: You are agile. (Dex +4, Str/Int -1) [potion
                  | of mutation]
 62909 | Temple   | Gained mutation: You have hidden genetic defects. [potion
                  | of mutation]
 62909 | Temple   | Gained mutation: You are frail. (-10% HP) [potion of
                  | mutation]
 62910 | Temple   | Lost mutation: You have hidden genetic defects. [potion of
                  | mutation]
 62910 | Temple   | Lost mutation: You are frail. (-10% HP) [potion of
                  | mutation]
 62910 | Temple   | Gained mutation: You have a somewhat thin skeletal
                  | structure. (Dex +2, Stealth+) [potion of mutation]
 62910 | Temple   | Gained mutation: You are partially covered in iridescent
                  | scales. (AC +2) [potion of mutation]
 63056 | D:13     | Gained mutation: You are weak. (Str -2) [a neqoxec]
 63059 | D:13     | Killed ymhsbmbesitwf's ghost
 63064 | D:13     | Gained mutation: You occasionally lose the ability to drink
                  | potions when taking damage. [a neqoxec]
 63071 | D:13     | Got the ring "Byhyit" {rPois rF+ Int+2 Dex+6}
 63074 | D:13     | Identified the +1 hat "Rimech" {rF++}
 63560 | Orc:2    | Bought a scroll of enchant armour for 82 gold pieces
 64046 | Snake:4  | Bought a scroll of enchant armour for 120 gold pieces
 64714 | Depths:2 | Found a one-way gate leading to the halls of Pandemonium.
 65729 | Depths:2 | Found a one-way gateway to a ziggurat.
 66142 | Depths:2 | Identified the +3 chain mail "Kiurchill" {rN+ Stlth+}
 66478 | Depths:3 | Found a one-way gate to the infinite horrors of the Abyss.
 66827 | Depths:3 | Found a radiant altar of Vehumet.
 66885 | Depths:3 | Reached XP level 23. HP: 187/187 MP: 42/42
 67087 | Depths:3 | Found a shimmering blue altar of Sif Muna.
 67087 | Depths:3 | Identified the amulet of the Duchess {RegenMP Harm rF+}
 67114 | Depths:4 | Entered Level 4 of the Depths
 67440 | Depths:3 | Got the Volume of the Gathering
 67614 | Depths:3 | Found a portal to a secret trove of treasure.
 67926 | Depths:3 | Noticed a golden dragon
 67966 | Depths:3 | Killed a golden dragon
 68468 | Depths:3 | Noticed a juggernaut
 68468 | Depths:3 | Noticed a juggernaut
 68475 | Depths:3 | Killed a juggernaut
 68490 | Depths:3 | Killed a juggernaut
 68490 | Depths:3 | Noticed a caustic shrike
 68496 | Depths:3 | Killed a caustic shrike
 68496 | Depths:3 | Noticed a juggernaut
 68509 | Depths:3 | Killed a juggernaut
 68733 | Depths:3 | Noticed a caustic shrike
 68740 | Depths:3 | Killed a caustic shrike
 68747 | Depths:3 | Noticed a golden dragon
 68764 | Depths:3 | Killed a golden dragon
 68869 | Depths:3 | Identified the +8 battleaxe "Jousuyv" {venom, rF+ rN+}
 69183 | Depths:4 | Found a gate to the Realm of Zot.
 69183 | Depths:4 | Noticed a golden dragon
 69206 | Depths:4 | Killed a golden dragon
 69791 | Depths:4 | Identified the +3 shadow dragon scales "Axzo Pyi" {Fly
                  | Regen+ Stlth++++}
 70248 | Depths:4 | Reached XP level 24. HP: 197/197 MP: 43/43
 70470 | Depths:4 | Found a stormy altar of Qazlal.
 71022 | Elf:1    | Entered Level 1 of the Elven Halls
 71309 | Elf:1    | Found Muraqiqa's Book Shoppe.
 71382 | Elf:1    | Paralysed by an air elemental for 1 turns
 71406 | Elf:1    | Identified the +7 falchion of Onuit {flame, Stlth+}
 71426 | Elf:1    | Reached skill level 15 in Summonings
 71441 | Elf:1    | Found a runed translucent gate.
 71441 | Elf:1    | Found a runed translucent gate.
 71441 | Elf:1    | Found a runed translucent gate.
 71441 | Elf:1    | Found a runed translucent gate.
 71441 | Elf:1    | Found a runed translucent gate.
 71442 | Elf:1    | Found a runed translucent gate.
 71780 | Elf:1    | Noticed Louise
 71792 | Elf:1    | Killed Louise
 71934 | Elf:1    | Found Vahisou's Neck Hole.
 71949 | Elf:1    | Bought a +2 cloak of preservation for 387 gold pieces
 72183 | Elf:2    | Found Reomiana's Antique Weapon Shop.
 72189 | Elf:2    | Identified the +2 rapier of Qunik {heavy, Dex+8 Stlth-}
 72210 | Elf:2    | Found Ypiteajeu's General Store.
 72218 | Elf:2    | Bought a scroll of enchant armour for 135 gold pieces
 72449 | Elf:2    | Found Tocet's Armour Shoppe.
 72449 | Elf:2    | Found Loen's Distillery.
 72487 | Elf:2    | Bought a potion of experience for 950 gold pieces
 72487 | Elf:2    | Reached XP level 25. HP: 204/204 MP: 44/44
 72542 | Elf:2    | Found Muina's Jewellery Shop.
 72663 | Elf:2    | Found a huge runed translucent gate.
 72663 | Elf:2    | Found a huge runed translucent gate.
 72663 | Elf:2    | Found a huge runed translucent gate.
 72663 | Elf:2    | Found a huge runed translucent gate.
 72666 | Elf:2    | Found a huge runed translucent gate.
 73367 | Elf:3    | Entered Level 3 of the Elven Halls
 73518 | Elf:3    | Found Mako's Magic Scroll Emporium.
 73688 | Elf:3    | Paralysed by an air elemental for 1 turns
 74162 | Elf:3    | Found the +8 longbow "Zephyr" {speed, Dex+3 SInv}
 74219 | Elf:3    | Identified the staff of death "Xyhuol" {rN+ Str+3}
 74220 | Elf:3    | Identified the ring of the Skies Above {rN++ Str+6}
 74237 | Elf:3    | Identified the +1 glaive of the Nurturing Gods {flame,
                  | Str+2}
 74241 | Elf:3    | Identified the ring "Ichonte" {*Slow rPois Str+6 SInv}
 74323 | Elf:3    | Reached XP level 26. HP: 186/213 MP: 44/44
 74331 | Elf:3    | Identified the amulet "Jadume" {Faith *Corrode Fly rF+}
 75244 | Vaults:5 | Noticed an ancient lich
 75481 | Vaults:5 | Noticed a dread lich
 75483 | Vaults:5 | Killed an ancient lich
 75501 | Vaults:4 | Killed a dread lich
 75502 | Vaults:4 | Reached skill level 15 in Conjurations
 75502 | Vaults:4 | Reached skill level 15 in Hexes
 75502 | Vaults:4 | Reached skill level 15 in Necromancy
 75502 | Vaults:4 | Reached skill level 15 in Translocations
 75502 | Vaults:4 | Reached skill level 15 in Transmutations
 75502 | Vaults:4 | Reached skill level 15 in Fire Magic
 75502 | Vaults:4 | Reached skill level 15 in Ice Magic
 75502 | Vaults:4 | Reached skill level 15 in Air Magic
 75502 | Vaults:4 | Reached skill level 15 in Earth Magic
 75502 | Vaults:4 | Reached skill level 15 in Poison Magic
 75687 | Vaults:5 | Identified the ring "Piopn" {rF+ Str+4 Dex-4}
 75985 | Vaults:5 | Identified the +1 pair of gloves of the Alphagorgon {Harm
                  | Regen+ Int+3 Dex+4}
 76197 | Vaults:5 | Found the +10 zealot's sword {holy, Zealotry, *Rage rN+
                  | EV+3}
 76428 | Vaults:5 | Found Kuloshum's Jewellery Shop.
 76432 | Vaults:5 | Identified the +4 plate armour "Put-Me-On" {rElec rF+
                  | Regen+ rCorr}
 76445 | Vaults:5 | Identified the +0 quarterstaff "Ahairadgh" {freeze, Dex+3}
 76556 | Vaults:5 | Identified the +10 scimitar of Ignis's Benevolence {flame,
                  | rF+ rC- rN+}
 76757 | Vaults:5 | Found the +27 heavy crossbow "Sniper" {heavy, Acc+∞ SInv}
 76784 | Vaults:5 | Identified the +3 trident "Gityubre" {freeze, rPois Dex+3}
 76941 | Vaults:5 | Identified the staff of air "Wunyer" {rElec Int+3}
 76962 | Vaults:5 | Identified the +3 ring mail of Goyjef {rPois rF- Stlth+}
 77044 | Vaults:5 | Got a silver rune of Zot
 77925 | Depths:3 | You paid a toll of a +6 demon trident to enter a treasure
                  | trove
 77926 | Trove    | Entered a treasure trove
 77939 | Trove    | Identified the -1 helmet "Etzoeno" {*Corrode +Blink +Inv
                  | Regen+}
 77950 | Trove    | Identified the +1 spear of Luchemal {holy, Will+ Int+5}
 77975 | Trove    | Identified the ring of Pyromania {rC+ AC+4}
 77991 | Trove    | Acquired 913 gold pieces
 78381 | Crypt:1  | Entered Level 1 of the Crypt
 78699 | Crypt:1  | Acquired 1014 gold pieces
 78722 | Crypt:1  | Reached XP level 27. HP: 221/221 MP: 45/45
 78860 | Crypt:1  | Identified the +1 falchion "Killer Klown's Death" {freeze,
                  | Int+7 Stlth-}
 79395 | Crypt:2  | Found a transporter.
 79443 | Crypt:2  | Noticed Nyubb's ghost (veteran MiGl)
 79449 | Crypt:2  | Noticed Roocroe's ghost (veteran MiGl)
 79649 | Crypt:2  | Found a transporter.
 79682 | Crypt:2  | Found an ancient bone altar of Kikubaaqudgha.
 79684 | Crypt:2  | Noticed Donald
 79687 | Crypt:2  | Killed Donald
 79899 | Crypt:3  | Entered Level 3 of the Crypt
 80994 | Crypt:3  | Found a staircase to the Tomb.
 81419 | Crypt:3  | Identified the ring of Oqotwiytz {rN+ Str+4}
 81419 | Crypt:3  | Identified the ring of Agnosticism {rF+ rN+ Str+5}
 81419 | Crypt:3  | Identified the ring of Okawaru's Supremacy {rF+ rN+ Stlth+}
 81559 | Crypt:3  | Noticed a royal mummy
 81566 | Crypt:3  | Killed a royal mummy
 81636 | Crypt:3  | Learned a level 3 spell: Swiftness
 81639 | Crypt:3  | Learned a level 2 spell: Wereblood
 81644 | Crypt:3  | Learned a level 4 spell: Animate Armour
 81649 | Crypt:3  | Learned a level 4 spell: Passage of Golubria
 81657 | Crypt:3  | Learned a level 7 spell: Spellforged Servitor
 82107 | Slime:1  | Entered Level 1 of the Pits of Slime
 82373 | Slime:2  | Noticed Dissolution
 82378 | Slime:2  | Killed Dissolution
 82519 | Slime:3  | Gained mutation: You have hidden genetic defects. [a
                  | shining eye]
 82524 | Slime:3  | Gained mutation: You sometimes lose the ability to drink
                  | potions when taking damage. [a shining eye]
 82525 | Slime:3  | Gained mutation: Your spells are a little easier to cast,
                  | but a little less powerful. [a shining eye]
 82529 | Slime:3  | Gained mutation: Armour fits poorly on your strangely
                  | shaped body. [a shining eye]
 83079 | Slime:5  | Entered Level 5 of the Pits of Slime
 83082 | Slime:5  | Gained mutation: You are frail. (-10% HP) [a shining eye]
 83083 | Slime:5  | Gained mutation: You are dopey. (Int -2) [a shining eye]
 83084 | Slime:5  | Gained mutation: You are very weak. (Str -4) [a shining
                  | eye]
 83383 | Slime:5  | Noticed the Royal Jelly
 83416 | Slime:3  | Gained mutation: You have terrible hidden genetic defects.
                  | [hidden defects]
 83501 | Slime:4  | Gained mutation: You are very dopey. (Int -4) [a shining
                  | eye]
 84215 | Slime:5  | Killed the Royal Jelly
 84428 | Slime:5  | Found the +3 Elemental Staff {rElec rF+ rC+ AC+3}
 84430 | Slime:5  | Identified the +7 long sword of the Realm of Zot {speed,
                  | Str+3}
 84446 | Slime:5  | Identified the +7 rapier of Bellicose Valour {heavy, rPois
                  | rCorr Int-4}
 84476 | Slime:5  | Got the Excursus on the Sky
 84491 | Slime:5  | Got Sif Muna's Volume of Lava and the Black Widow
 84495 | Slime:5  | Got the Collected Works on Malisons
 84509 | Slime:5  | Identified the +6 fire dragon scales of Exclusion {Rampage
                  | Drain Fly rF++ rC- Str+3}
 84520 | Slime:5  | Identified the ring of Geneun {rF+ Int+6}
 84535 | Slime:5  | Got a slimy rune of Zot
 84536 | Slime:5  | Identified the +1 plate armour "Sumyucu" {rC- Int+8 Stlth-}
 85305 | Snake:1  | Killed EnergyMaker's ghost
 85308 | Snake:1  | Killed Xitaol's ghost
 85579 | D:4      | Bought a manual of Ranged Weapons for 1040 gold pieces
 86313 | Elf:2    | Bought a runed demon blade for 540 gold pieces
 87616 | Hell     | Entered the Vestibule of Hell
 87616 | Hell     | Noticed Geryon
 87631 | Hell     | Killed Geryon
 87652 | Hell     | Gained mutation: You are clumsy. (Dex -2) [hidden defects]
 87652 | Hell     | Lost mutation: You have terrible hidden genetic defects.
                  | [hidden defects expressed]
 87710 | Hell     | Found a gateway to the ashen valley of Gehenna.
 87804 | Hell     | Found a gateway to the Iron City of Dis.
 87855 | Hell     | Found a gateway to the freezing wastes of Cocytus.
 88012 | Hell     | Found a gateway to the decaying netherworld of Tartarus.
 88380 | Depths:1 | HP: 9/201 [Qealoh's ghost/blast of rock fragments (11)]
 88380 | Depths:1 | Killed from afar by Qealoh's ghost

Illustrated notes

Levels and vault maps discovered:
D:1:      lightli_molten_gateway, layout_loops_ring, serial_shops, shop,
          minmay_misc_feat_encased
D:2:      cheibrodos_fertilizer, layout_rooms, serial_shops,
          nicolae_lakefront_shop
D:3:      minmay_inner_zag, layout_basic, cheibrodos_sewer_entry_drain,
          uniq_sigmund, uniq_grinder
D:4:      layout_basic, serial_shops, shop, nicolae_stop_n_shop_1,
          nicolae_shop_statue_plus, nicolae_shop_pleasant_corner_grove, shop,
          biasface_ghost_orc_armoury, st_stairs_13, uniq_duvessa
D:5:      layout_basic, minmay_crystal_water, reono_crystal_passage,
          uniq_menkaure
D:6:      layout_basic, uniq_prince_ribbit1
D:7:      layout_loops_cross, lemuel_coloured_pillars_altar,
          minmay_temple_entry_gardened_gates
D:8:      layout_basic, dpeg_oklobed_lair, enter_bailey_8
D:9:      layout_roguey, erik_orc_1, serial_ice, serial_ice_f, serial_ice_c,
          serial_ice_d, serial_ice_m, serial_ice_b, serial_ice_o, serial_ice_g,
          serial_ice_h, kennysheep_cross_room, grunt_decor_junction,
          grunt_decor_fettered
D:10:     layout_gridville, amethyst_overflow_temple_binary,
          kennysheep_cross_bottleneck, minmay_chambers_of_fives, uniq_josephine,
          uniq_maggie
D:11:     dragon1_lemuel, layout_irregular_city, uniq_snorg, uniq_erica
D:12:     minmay_the_grid_triangle_9x9_recursive_3
          [minmay_the_grid_triangle_9x9_skeleton,
          minmay_the_grid_triangle_9x9_warning,
          minmay_the_grid_triangle_9x9_corrupted_corridor,
          minmay_the_grid_triangle_9x9_prize_top_heavy,
          minmay_the_grid_triangle_9x9_odd_lines,
          minmay_the_grid_triangle_9x9_wacky_v,
          minmay_the_grid_triangle_9x9_cache,
          minmay_the_grid_triangle_9x9_steps,
          minmay_the_grid_triangle_9x9_tough_junction], layout_small_grid
D:13:     layout_roguey, gauntlet_entry_generic, gammafunk_ghost_stat_death,
          uniq_azrael
D:14:     layout_cave_pools, david_vaults_4, chequers_serial_rivers_large_a,
          grunt_decor_cap, uniq_roxanne
D:15:     hangedman_depths_entry_try_elsewhere_first, layout_stronghold,
          serial_demonic, serial_demonic_d, serial_demonic_d, serial_demonic_d,
          serial_demonic_g, serial_shops, shop_fountains,
          nicolae_shop_hallway_plus, shop, nicolae_shop_trees,
          nicolae_shop_just_a_little_nook, st_stairs_5
Temple:   compressed_dpeg_triangle_lava_temple
Lair:1:   layout_hall_layers, grunt_forest_large_clearing_hut,
          infiniplex_staircase_pool, lemuel_fruit_fields
Lair:2:   layout_misc_corridors, grunt_megastairs_5
Lair:3:   layout_roguey, swamp_mist, minmay_snake_entry_guardpost_large
Lair:4:   layout_regular_city
Lair:5:   grunt_lair_end_beastmaster, layout_regular_city, slime_entry_1,
          patterned_corridor, lemuel_fruit_tree
Swamp:1:  layout_basic_swamp, evilmike_swamp_ruin_house_1, swamp_pool2
Swamp:2:  layout_basic_swamp, nicolae_swamp_decorative_isthmus
Swamp:3:  layout_basic_swamp, evilmike_swamp_ruin_house_3, roderic_carrion_pond
Swamp:4:  swamp_basic_johnstein, layout_basic_swamp, uniq_aizul
Snake:1:  layout_chambers, gammafunk_ghost_cemetery, basic_altar, st_stairs_9,
          minmay_shop_grove
Snake:2:  layout_chambers, serial_bayou_shore_b
Snake:3:  layout_cave_town, minmay_shop_star
Snake:4:  minmay_snake_end_coiled, layout_basic, serial_shops,
          nicolae_square_shop, shop, shop, nicolae_shop_trees, shop
Slime:1:  layout_caves
Slime:2:  layout_caves, dissolution_awaits
Slime:3:  layout_caves
Slime:4:  layout_caves, nicolae_slime_crime_time
Slime:5
Orc:1:    layout_caves, serial_shops, nicolae_shop_tiny_real_fake_doors,
          nicolae_shop_bloodbath_and_beyond, nicolae_shop_just_a_little_nook,
          uniq_nergalle, uniq_maurice
Orc:2:    st_orc_pillars, layout_caves, serial_shops, shop, uniq_urug,
          uniq_jorgrun, uniq_rupert
Elf:1:    minmay_elf_arrival_plus, layout_gridlike, serial_shops, shop,
          orc_legates, nicolae_shop_sticking_my_neck_out, uniq_louise
Elf:2:    elven_hall_of_blades_hangedman_alternative [nicolae_blade_lattice],
          layout_onion_city, serial_shops, shop, shop, shop_fountains, shop,
          nicolae_shop_statue_plus, serial_co_window_serial,
          co_window_of_opportunity_a, co_window_of_opportunity_a,
          co_window_paths_b, co_window_corner_a, co_window_paths_a,
          co_window_of_opportunity_a, co_window_2corner,
          co_window_unsneaky_path_c, co_window_corner_cb, co_window_corner_b,
          glass_columns_a, glass_columns_b
Elf:3:    elf_hall_gauntlet_narrow, layout_geoelf_octagon, serial_shops, shop,
          minivault_23
Vaults:1: nicolae_vaults_octagons, v_misc_22, v_misc_2, v_misc_9,
          nicolae_vaults_mini_display_case,
          nicolae_vaults_offset_grid_hallway_3,
          vaults_room_grunt_arrival_checkpoint, layout_vaults_big_room,
          uniq_saint_roka
Vaults:2: minmay_crypt_entry_simple_walls, v_misc_16, v_misc_3,
          ontoclasm_vaults_eye, grunt_vaults_twisty, v_misc_16,
          nicolae_vaults_house_3, v_misc_5, nicolae_vaults_cochlea,
          ontoclasm_vaults_decontamination, hangedman_vaults_stretched_pinwheel,
          nicolae_vaults_yaktaur_gun_rack, nicolae_vaults_sesquioval_fish,
          layout_vaults_ring, uniq_jory
Vaults:3: portal_desolation_entry_ruin, v_alt_pattern_3, vaults_mumra_minichess,
          v_alt_pattern_6, v_misc_33, ontoclasm_vaults_chip,
          nicolae_vaults_house_2, v_misc_29, v_misc_12,
          grunt_vaults_hallway_long, v_misc_15, vaults_mumra_chevron_long,
          nicolae_vaults_trapezoid_lopsided_1, ontoclasm_vaults_idyll,
          layout_vaults_maze, uniq_xtahua, uniq_mennas, uniq_sojobo
Vaults:4: v_rooms_4, nicolae_vaults_security_offices_6, v_rooms_4, v_pattern_5,
          hangedman_vaults_corner_blocks, nicolae_vaults_double_plus_1,
          layout_vaults_quadrants, uniq_bai_suzhen
Vaults:5: serial_shops
Crypt:1:  cheibrodos_crypt_draghalla, layout_chaotic_city, st_chilly_death,
          grunt_crypt_arrival_webbed
Crypt:2:  layout_rooms, basic_altar, nzn_ghost_randoct, uniq_donald
Crypt:3:  due_elkab, layout_chaotic_city, nicolae_tomb_entry_grand_gallery
Depths:1: dreamdust_cat_pyramid, layout_honeycomb, hangedman_coc_ice_floe,
          nicolae_two_hexagons, gammafunk_ghost_berserking_beasts,
          mu_enter_wizlab_3, nicolae_dithmenos_the_darkroom,
          infiniplex_staircase_pool_lava
Depths:2: minmay_octagon_keep, layout_gridlike, enter_ziggurat_b,
          rand_demon_pan_entry_5, hell_entry
Depths:3: gammafunk_depths_water_palace, layout_cave_pools, enter_trove_6,
          abyss_entry, vehumet_crystals, hell_entry, corexii_leaking_fountain,
          hangedman_summoners_spam
Depths:4: grunt_zot_entry_funnels, layout_gridville,
          nicolae_qazlal_style_of_elements, pf_hell_entry_tar_river,
          beargit_elvish_explorers, serial_bayou_shore_a
Hell

Skill      XL: |  1  2  3  4  5  6  7  8  9 10 11 12 13 14 15 16 17 18 19 20 21 22 23 24 25 26 27 |
---------------+----------------------------------------------------------------------------------+-----
Invocations    | 1 2 3 4 5 6 7 8 10 11 12 13 14 15 16 17 18 19 20 | 20.7
Short Blades   | 1 2 3 5 6 7 8 9 10 11 12 13 14 15 16 17 18 19 | 19.2
Long Blades    | 1 2 3 5 6 7 8 9 10 11 12 13 14 15 16 17 18 19 | 19.2
Maces & Flails | 1 2 3 5 6 7 8 9 10 11 12 13 14 15 16 17 18 19 | 19.2
Polearms       | 1 2 3 5 6 7 8 9 10 11 12 13 14 15 16 17 18 19 | 19.2
Staves         | 1 2 3 5 6 7 8 9 10 11 12 13 14 15 16 17 18 19 | 19.4
Ranged Weapons | 1 2 3 5 6 7 8 9 10 11 12 13 14 15 16 17 18 19 | 19.3
Throwing       | 1 2 3 5 6 7 8 9 10 11 12 13 14 15 16 17 18 19 | 19.2
Dodging        | 1 2 3 5 6 7 8 9 10 11 12 13 14 15 16 17 18 19 | 19.2
Stealth        | 1 2 3 5 6 7 8 9 10 11 12 13 14 15 16 17 18 19 | 19.2
Unarmed Combat | 1 2 3 5 6 7 8 9 10 11 12 13 14 15 16 17 18 19 | 19.2
Spellcasting   | 1 2 3 5 6 7 8 9 10 11 12 13 14 15 16 17 18 19 | 19.2
Evocations     | 1 2 3 5 6 7 8 9 10 11 12 13 14 15 16 17 18 19 | 19.2
Conjurations   | 1 2 3 4 5 6 7 8 9 10 11 12 13 14 15 16 | 16.3
Hexes          | 1 2 3 4 5 6 7 8 9 10 11 12 13 14 15 16 | 16.3
Summonings     | 1 2 3 4 5 6 7 8 9 10 11 12 13 14 15 17 18 | 18.6
Necromancy     | 1 2 3 4 5 6 7 8 9 10 11 12 13 14 15 16 | 16.3
Translocations | 1 2 3 4 5 6 7 8 9 10 11 12 13 14 15 16 | 16.3
Transmutations | 1 2 3 4 5 6 7 8 9 10 11 12 13 14 15 16 | 16.3
Fire Magic     | 1 2 3 4 5 6 7 8 9 10 11 12 13 14 15 16 | 16.3
Ice Magic      | 1 2 3 4 5 6 7 8 9 10 11 12 13 14 15 16 | 16.3
Air Magic      | 1 2 3 4 5 6 7 8 9 10 11 12 13 14 15 16 | 16.3
Earth Magic    | 1 2 3 4 5 6 7 8 9 10 11 12 13 14 15 16 | 16.3
Poison Magic   | 1 2 3 4 5 6 7 8 9 10 11 12 13 14 15 16 | 16.3
Axes           | 5 6 7 8 9 10 11 12 13 14 15 16 17 18 19 | 19.8
Fighting       | 7 8 9 10 11 12 13 14 15 16 17 18 19 20 | 20.1
Armour         | 7 8 9 10 11 12 13 14 15 16 17 18 19 20 | 20.1
Shields        | 7 8 9 10 11 12 13 14 15 16 17 18 19 20 | 20.1

Action                     |  1- 3 |  4- 6 |  7- 9 | 10-12 | 13-15 | 16-18 | 19-21 | 22-24 | 25-27 || total
---------------------------+-------+-------+-------+-------+-------+-------+-------+-------+-------++-------
  Melee: War axe           |   111 |    46 |       |       |       |       |       |       |       ||   157
         Bite              |    10 |    12 |    49 |    99 |   259 |   152 |   192 |   256 |   258 ||  1287
         Whip              |       |    69 |   343 |       |       |       |       |       |       ||   412
         Flail             |       |       |    53 |    65 |       |       |       |       |       ||   118
         Hand axe          |       |       |    45 |   625 |   741 |   105 |    22 |       |       ||  1538
         Mace              |       |       |       |     2 |       |       |       |   216 |       ||   218
         Eveningstar       |       |       |       |       |   628 |   814 |   976 |   922 |   435 ||  3775
         Headbutt          |       |       |       |       |   159 |   261 |   355 |    79 |       ||   854
         Sacred scourge    |       |       |       |       |       |       |       |    51 |       ||    51
         Eudemon blade     |       |       |       |       |       |       |       |       |   820 ||   820
   Fire: Arbalest          |       |       |       |       |    16 |       |       |       |       ||    16
         Heavy crossbow    |       |       |       |       |       |       |       |       |     3 ||     3
  Throw: Dart              |       |       |    52 |       |   176 |    79 |    44 |    14 |     4 ||   369
         Throwing net      |       |       |     3 |       |       |       |       |       |       ||     3
         Boomerang         |       |       |    17 |   247 |    75 |       |       |       |       ||   339
   Cast: Poisonous Vapours |       |       |       |     6 |     8 |       |       |       |       ||    14
         Blink             |       |       |       |       |     2 |       |       |       |       ||     2
         Mephitic Cloud    |       |       |       |       |    13 |       |       |       |       ||    13
         Olgreb's Toxic Ra |       |       |       |       |     1 |     1 |     6 |     1 |       ||     9
         Yara's Violent Un |       |       |       |       |       |     1 |       |     3 |     1 ||     5
         Ignite Poison     |       |       |       |       |       |       |    10 |     2 |       ||    12
         Lee's Rapid Decon |       |       |       |       |       |       |     3 |       |       ||     3
         Manifold Assault  |       |       |       |       |       |       |       |     3 |       ||     3
         Silence           |       |       |       |       |       |       |       |     2 |     5 ||     7
         Tukima's Dance    |       |       |       |       |       |       |       |     1 |       ||     1
         Spellforged Servi |       |       |       |       |       |       |       |       |     5 ||     5
         Animate Armour    |       |       |       |       |       |       |       |       |     3 ||     3
         Swiftness         |       |       |       |       |       |       |       |       |     1 ||     1
 Invoke: Heal Self         |       |       |       |     3 |    19 |       |       |       |       ||    22
         Purification      |       |       |       |       |     1 |       |       |       |       ||     1
         Divine Shield     |       |       |       |       |     1 |     7 |     7 |     8 |    14 ||    37
         Cleansing Flame   |       |       |       |       |       |     6 |     7 |    10 |    12 ||    35
         Summon Divine War |       |       |       |       |       |     3 |     6 |     4 |    18 ||    31
  Evoke: Wand              |       |       |       |     6 |     7 |       |       |     3 |       ||    16
         Box of beasts     |       |       |       |     1 |     2 |       |       |       |       ||     3
    Use: Potion            |       |     2 |     2 |     1 |     6 |     9 |     5 |     6 |     2 ||    33
         Scroll            |       |     5 |    12 |     7 |    14 |    12 |     4 |     3 |    17 ||    74
   Stab: Distracted        |       |       |       |     1 |     1 |       |       |       |       ||     2
         Confused          |       |       |       |     1 |       |       |       |       |       ||     1
         Sleeping          |       |       |       |     2 |     5 |       |       |       |       ||     7
         Paralysed         |       |       |       |       |     4 |       |       |       |       ||     4
         Invisible         |       |       |       |       |     1 |       |       |       |       ||     1
 Armour: Scale mail        |    44 |       |   114 |   357 |   232 |       |       |       |       ||   747
         Chain mail        |    39 |    75 |    96 |       |       |       |       |       |       ||   210
         Ring mail         |       |       |       |       |   313 |   205 |    70 |       |       ||   588
         Troll leather arm |       |       |       |       |    14 |    37 |    88 |    41 |       ||   180
         Storm dragon scal |       |       |       |       |       |       |       |   174 |       ||   174
         Shadow dragon sca |       |       |       |       |       |       |       |    71 |   268 ||   339
  Dodge: Dodged            |    48 |    41 |   181 |   408 |   948 |   542 |   435 |   520 |   549 ||  3672
  Block: Buckler           |    40 |    24 |   111 |   234 |   509 |       |       |       |       ||   918
         Kite shield       |       |       |       |       |    69 |  1120 |  1219 |  1421 |  1367 ||  5196
         Reflection        |       |       |       |       |     2 |   104 |   103 |    54 |    62 ||   325
         Other             |       |       |       |       |       |       |       |       |     1 ||     1
